 Dungeon Crawl Stone Soup version 0.19.0-11-g3fc08b3 (webtiles) character file.

3034 Minion the Cleaver (level 9, -7/79 HPs)
             Began as a Minotaur Fighter on Nov 9, 2016.
             Was an Initiate of the Shining One.
             Mangled by a spiny frog (13 damage)
             ... on level 8 of the Dungeon.
             The game lasted 00:14:14 (6050 turns).

Minion the Cleaver (Minotaur Fighter)               Turns: 6050, Time: 00:14:15

Health: -7/79      AC:  8    Str: 23    XL:     9   Next: 56%
Magic:  8/8        EV: 13    Int:  5    God:    the Shining One [......]
Gold:   473        SH:  0    Dex: 11    Spells: 0 memorised, 8 levels left

rFire  + . .     SeeInvis .     C - +2 halberd (chop)
rCold  . . .     Gourm    .     b - +0 scale mail
rNeg   . . .     Faith    .     (shield currently unavailable)
rPois  .         Spirit   .     (helmet restricted)
rElec  .         Reflect  .     (no cloak)
rCorr  .         Harm     .     (no gloves)
MR     .....                    r - +0 pair of boots
Stlth  ..........               (no amulet)
                                z - ring of wizardry
                                i - ring of protection from fire

@: lethally poisoned (-7 -> -34), glowing
A: retaliatory headbutt, horns 2
a: Renounce Religion


You were on level 8 of the Dungeon.
You worshipped the Shining One.
The Shining One was noncommittal.
You were not hungry.

You visited 3 branches of the dungeon, and saw 10 of its levels.

You collected 473 gold pieces.

Inventory:

Hand Weapons
 a - a +0 war axe
 C - a +2 halberd of chopping (weapon)
Armour
 b - a +0 scale mail (worn)
 r - a +0 pair of boots (worn)
Jewellery
 i - a ring of protection from fire (left hand)
 z - a ring of wizardry (right hand)
Wands
 s - a wand of paralysis (1/24)
Scrolls
 c - 4 scrolls of magic mapping {unknown}
 m - 6 scrolls of remove curse {unknown}
 n - 5 scrolls of fog {unknown}
 o - 8 scrolls of teleportation {unknown}
 q - 7 scrolls of identify {unknown}
 w - a scroll of random uselessness {unknown}
 y - a scroll of immolation {unknown}
Potions
 d - a potion of might
 e - a potion of mutation {unknown}
 g - 2 potions of cancellation {unknown}
 h - a potion of brilliance {unknown}
 j - 3 potions of flight {unknown}
 k - a potion of berserk rage {unknown}
 p - 3 potions of heal wounds {unknown}
 t - a potion of cure mutation {unknown}
 u - 4 potions of curing {unknown}
 v - a potion of lignification {unknown}
 A - a potion of haste {unknown}
 B - a potion of ambrosia {unknown}
 D - a potion of resistance {unknown}
Books
 x - a book of Changes

   Spells                             Type                      Level
   a - Beastly Appendage              Transmutation                1
   b - Sticks to Snakes               Transmutation                2
   c - Spider Form                    Transmutation/Poison         3
   d - Ice Form                       Ice/Transmutation            4
   e - Blade Hands                    Transmutation                5
Comestibles
 f - 4 bread rations
 l - a meat ration
 E - 5 fruits
 F - a beef jerky


   Skills:
 + Level 7.5 Fighting
 + Level 12.3 Axes
 - Level 3.6 Armour
 - Level 6.8 Dodging
   Level 3.6 Shields


You had 8 spell levels left.
You didn't know any spells.

Dungeon Overview and Level Annotations

Branches:
Dungeon (8/15)             Temple (1/1) D:5            Lair (1/6) D:8

Altars:
Ashenzari
Dithmenos
Fedhas
Gozag
Hepliaklqana
Kikubaaqudgha
Makhleb
Nemelex Xobeh
Okawaru
Qazlal
Ru
Trog
Vehumet
Xom
Yredelemnul
Zin
The Shining One

Annotations:
D:2 1 runed door
D:5 2 runed doors


Innate Abilities, Weirdness & Mutations

You reflexively headbutt those who attack you in melee.
You have a pair of horns on your head.


Message History

A crocodile comes into view.
* * * LOW HITPOINT WARNING * * *
You feel very sick.
The spiny frog stings you but does no damage.
You climb upwards.
Welcome back to the Dungeon!
* * * LOW HITPOINT WARNING * * *
You feel very sick.
There is a staircase to the Lair here.
You hit the spiny frog but do no damage.
The spiny frog is almost dead.
* * * LOW HITPOINT WARNING * * *
You feel very sick. The spiny frog misses you.
The spiny frog closely misses you.
Your scale mail prevents you from hitting the spiny frog.
Your headbutt misses the spiny frog.
The spiny frog is almost dead.
* * * LOW HITPOINT WARNING * * *
You feel very sick. The spiny frog stings you!
You die...

... #.. #....
#.#
#....######.#
##...........#
...#.......<#
###.........##
............#
##..........##.#
.......@.......#
...#...F....####
#........#
#........#
..........#
.[.........#
............#
............#


You could see a spiny frog.

Vanquished Creatures
  Pikel (D:7)
  The ghost of rastmirit the Chopper, a novice VSFi of Trog (D:6)
  Grinder (D:4)
  Sigmund (D:3)
  2 orc warriors
  A sky beast (D:5)
  An ice beast (D:5)
  2 ogres
  A phantom (D:4)
  3 centaurs
  4 bullfrogs
  A scorpion (D:7)
  2 howler monkeys
  A crimson imp (D:7)
  A centaur zombie (D:6)
  3 hounds
  An iguana (D:5)
  Natasha (thrice) (D:4)
  4 orc wizards
  2 worker ants
  Terence (D:2)
  6 gnolls
  9 adders
  A howler monkey skeleton (D:7)
  2 shadow imps (D:5)
  2 oozes
  2 worms
  3 dart slugs
  4 leopard geckos
  17 orcs
  A ball python (D:2)
  2 giant cockroaches
  7 hobgoblins
  7 jackals (D:1)
  6 kobolds
  A quokka (D:4)
  5 bats
  3 frilled lizards
  12 goblins
  6 rats
133 creatures vanquished.

Vanquished Creatures (others)
  An adder (D:7)
1 creature vanquished.

Grand Total: 134 creatures vanquished

Notes
Turn   | Place    | Note
-------+----------+-------------------------------------------
     0 | D:1      | Minion the Minotaur Fighter began the quest for the Orb.
     0 | D:1      | Reached XP level 1. HP: 19/19 MP: 0/0
    14 | D:1      | Reached skill level 3 in Axes
    70 | D:1      | Reached XP level 2. HP: 25/26 MP: 1/1
   243 | D:1      | Reached skill level 4 in Axes
   306 | D:1      | Reached XP level 3. HP: 31/31 MP: 2/2
   590 | D:2      | Found a runed door.
   641 | D:2      | Noticed Terence
   666 | D:2      | Reached skill level 5 in Axes
   676 | D:2      | Killed Terence
   676 | D:2      | Reached XP level 4. HP: 17/39 MP: 3/3
  1015 | D:2      | Found an opulent altar of Gozag.
  1128 | D:3      | Noticed Sigmund
  1134 | D:3      | Killed Sigmund
  1134 | D:3      | Reached skill level 7 in Axes
  1134 | D:3      | Reached XP level 5. HP: 37/45 MP: 4/4
  1310 | D:3      | Found a faded altar of an unknown god.
  1441 | D:3      | Reached XP level 6. HP: 51/51 MP: 5/5
  1663 | D:3      | Reached skill level 8 in Axes
  2045 | D:4      | Found a shadowy altar of Dithmenos.
  2068 | D:4      | Noticed Natasha
  2077 | D:4      | Killed Natasha
  2113 | D:4      | Reached XP level 7. HP: 57/57 MP: 6/6
  2197 | D:4      | Noticed Natasha
  2197 | D:4      | Noticed Grinder
  2204 | D:4      | Killed Natasha
  2212 | D:4      | Killed Grinder
  2212 | D:4      | Reached skill level 9 in Axes
  2535 | D:4      | Noticed Natasha
  2542 | D:4      | Killed Natasha
  2611 | D:5      | Entered Level 5 of the Dungeon
  2668 | D:5      | Reached skill level 5 in Dodging
  2668 | D:5      | Reached XP level 8. HP: 28/64 MP: 7/7
  2858 | D:5      | Found a staircase to the Ecumenical Temple.
  2867 | D:5      | Reached skill level 10 in Axes
  2884 | Temple   | Entered the Ecumenical Temple
  2895 | Temple   | Became a worshipper of the Shining One
  3510 | D:5      | Found a runed door.
  3529 | D:5      | Found a runed door.
  3718 | D:6      | Noticed rastmirit's ghost (novice VSFi)
  3729 | D:6      | Killed rastmirit's ghost
  3840 | D:6      | Reached skill level 11 in Axes
  4108 | D:6      | Reached XP level 9. HP: 54/73 MP: 8/8
  4243 | D:6      | Reached skill level 5 in Fighting
  5030 | D:7      | Noticed Pikel
  5036 | D:7      | Killed Pikel
  5036 | D:7      | Reached skill level 12 in Axes
  6030 | D:8      | Found a staircase to the Lair.
  6041 | Lair:1   | Entered Level 1 of the Lair of Beasts
  6041 | Lair:1   | Noticed a spiny frog
  6044 | Lair:1   | Noticed a spiny frog
  6044 | Lair:1   | Noticed a spiny frog
  6050 | D:8      | Mangled by a spiny frog

Skill      XL: |  1  2  3  4  5  6  7  8  9 |
---------------+----------------------------+-----
Axes           | 3 4 5 7 8 9 11 12 | 12.3
Dodging        | 2 5 6 |  6.8
Fighting       | 4 7 |  7.5
Armour         | |  3.6
Shields        | |  3.6

Action                   |  1- 3 |  4- 6 |  7- 9 || total
-------------------------+-------+-------+-------++-------
Melee: War axe           |    76 |    94 |   116 ||   286
       Headbutt          |     9 |    14 |    28 ||    51
       Halberd           |       |       |    67 ||    67
Evoke: Wand              |       |       |     3 ||     3
  Eat: Chunk             |       |     4 |     6 ||    10
       Meat ration       |       |       |     1 ||     1
       Beef jerky        |       |       |     1 ||     1
Armor: Scale mail        |    43 |    50 |    53 ||   146
Dodge: Dodged            |    31 |    37 |   108 ||   176
Block: Shield            |    45 |     1 |       ||    46
